 Dungeon Crawl Stone Soup version 0.23-a0-49-gd9f7a49668 (webtiles) character file.

15575 Flugkiller the Cleaver (level 12, -3/87 HPs)
             Began as an Octopode Wanderer on Aug 7, 2018.
             Was an Initiate of Gozag.
             Slain by a soldier ant (9 damage)
             ... on level 3 of the Lair of Beasts.
             The game lasted 00:29:06 (18683 turns).

Flugkiller the Cleaver (Octopode Wanderer)         Turns: 18683, Time: 00:29:06

Health: -3/87      AC:  1    Str: 11    XL:     12   Next: 28%
Magic:  0/16       EV: 21    Int: 14    God:    Gozag
Gold:   482        SH:  4    Dex: 11    Spells: 15/17 levels left

rFire    . . .     SeeInvis +   C - +0 broad axe
rCold    . . .     Gourm    .   c - +0 buckler
rNeg     . . .     Faith    .   (helmet restricted)
rPois    +         Spirit   +   l - amulet of guardian spirit
rElec    +         Reflect  .   f - ring of stealth
rCorr    .         Harm     .   e - ring of flight
MR       +....                  H - ring of protection from magic
Stlth    +++.......             K - +3 ring of evasion
HPRegen  0.00/turn              J - ring "Xeac" {rElec rPois Int+2 Dex-5 SInv}
MPRegen  0.15/turn              m - +3 ring of intelligence
                                (no ring)
                                (no ring)

@: no status effects
A: almost no armour, stealthy swim, amphibious, 8 rings, constrict 8, camouflage
1, blurry vision 1, dopey 2, screaming 1, inhibited regeneration, weak 1,
gelatinous body 1, subdued magic 1
a: Potion Petition, Call Merchant, Bribe Branch, Renounce Religion, Evoke Flight


You were on level 3 of the Lair of Beasts.
You worshipped Gozag.
Gozag was aware of your devotion.
You were not hungry.

You visited 3 branches of the dungeon, and saw 13 of its levels.

You collected 2945 gold pieces.
You spent 702 gold pieces at shops.
You paid 1761 gold pieces to Gozag.

Inventory:

Hand Weapons
 a - a +3 hand axe
 z - a +0 blowgun
 C - a +0 broad axe (weapon)
Missiles
 i - 9 curare-tipped needles
 y - 30 poisoned needles
Armour
 c - a +0 buckler (worn)
Jewellery
 e - a ring of flight (right tentacle)
 f - a ring of stealth (left tentacle)
 l - an amulet of guardian spirit (around mantle)
 m - a +3 ring of intelligence (on tentacle)
 G - an uncursed ring of stealth
 H - a ring of protection from magic (on tentacle)
 J - the ring "Xeac" (on tentacle) {rElec rPois Int+2 Dex-5 SInv}
   (You bought it in a shop on level 9 of the Dungeon)

   [ring of see invisible]

   It affects your intelligence (+2).
   It affects your dexterity (-5).
   It insulates you from electricity.
   It protects you from poison.
   It lets you see invisible.
 K - a +3 ring of evasion (on tentacle)
Wands
 g - a wand of digging (11)
 n - a wand of polymorph (8)
 p - a wand of flame (27)
 r - a wand of iceblast (13)
 t - a wand of paralysis (7)
 A - a wand of disintegration (19)
Scrolls
 k - a scroll of identify
 o - a scroll of fog
 q - 7 scrolls of amnesia
 s - 4 scrolls of teleportation
 u - 5 scrolls of magic mapping
 w - 7 scrolls of remove curse
 B - 2 scrolls of enchant weapon
Potions
 b - a potion of curing
 h - 2 potions of lignification
 j - 3 potions of invisibility
 v - 3 potions of berserk rage {unknown}
 E - a potion of haste {unknown}
 F - 2 potions of mutation {unknown}
 I - 2 potions of might
Comestibles
 d - 10 rations


   Skills:
 + Level 10.1 Fighting
 + Level 11.7 Axes
 + Level 9.9 Dodging
 - Level 4.0 Shields
 - Level 3.0 Spellcasting
 - Level 2.0 Translocations
   Level 2.0 Ice Magic
 - Level 6.0 Evocations


You had 15 spell levels left.
You knew the following spells:

 Your Spells              Type           Power        Failure   Level  Hunger
a - Blink                 Tloc           N/A          12%         2    ##.....

Your spell library contained the following spells:

 Spells                   Type           Power        Failure   Level  Hunger
 Magic Dart               Conj           #...         19%         1    #......
 Conjure Flame            Conj/Fire      #.......     50%         3    ###....
 Bolt of Magma            Conj/Fire/Erth #.........   99%         5    ######.
 Slow                     Hex            #.......     28%         2    ##.....
 Mephitic Cloud           Conj/Pois/Air  #.......     50%         3    ###....
 Venom Bolt               Conj/Pois      #.........   99%         5    ######.
 Summon Small Mammal      Summ           #...         19%         1    #......
 Iskenderun's Mystic Bla  Conj           #.......     89%         4    #####..
 Summon Ice Beast         Ice/Summ       #.......     77%         4    #####..
 Call Imp                 Summ           #.......     28%         2    ##.....
 Iron Shot                Conj/Erth      #.........   100%        6    #######
 Call Canine Familiar     Summ           #.......     50%         3    ###....
 Orb of Destruction       Conj           #.........   100%        7    #######
 Iskenderun's Battlesphe  Conj/Chrm      #.......     99%         5    ######.
 Fulminant Prism          Conj/Hex       #.........   89%         4    #####..
 Dazzling Spray           Conj/Hex       #.....       50%         3    ###....
 Force Lance              Conj/Tloc      #.......     77%         4    #####..
 Searing Ray              Conj           #.....       28%         2    ##.....
 Summon Lightning Spire   Summ/Air       #.......     89%         4    #####..
 Summon Guardian Golem    Hex/Summ       #.......     50%         3    ###....
 Spellforged Servitor     Conj/Summ      #.........   100%        7    #######


Dungeon Overview and Level Annotations

Branches:
Dungeon (9/15)             Temple (1/1) D:4            Lair (3/6) D:9
 Shoals (0/4) Lair:2       Spider (0/4) Lair:2
    Orc: D:9-12

Altars:
Ashenzari
Cheibriados
Dithmenos
Elyvilon
Fedhas
Gozag
Hepliaklqana
Kikubaaqudgha
Makhleb
Nemelex Xobeh
Okawaru
Qazlal
Ru
Sif Muna
Trog
Uskayaw
Vehumet
Wu Jian
Xom
Yredelemnul
Zin
The Shining One

Shops:
D:4 (   D:9 =   Lair:2 (

Annotations:
D:4 2 runed doors, Shinnjin's ghost, amateur HOFi
D:5 1 runed door, wont's ghost, novice MiBe
D:8 1 runed door, exclusion: door, shruggingcutely's ghost, novice TeCj


Innate Abilities, Weirdness & Mutations

You cannot wear most types of armour.
You are very stealthy in the water. (Stealth+)
You are amphibious.
You can wear up to eight rings at the same time.
You can use your tentacles to constrict eight enemies at once.
Your skin changes colour to match your surroundings (Stealth+).
Your rubbery body absorbs attacks. (AC +1, EV +1)
Scrolls take you a little longer to read.
You are very dopey. (Int -4)
You occasionally shout uncontrollably at your foes.
You do not regenerate when monsters are visible.
You are weak. (Str -2)
Your spells are a little easier to cast, but a little less powerful.


Message History

You hit the queen ant but do no damage.
The queen ant is severely wounded.
The queen ant is distracted by the nearby gold.
You feel better. The soldier ant closely misses you.
The queen ant twitches its antennae in your direction.
You hit the queen ant.
The queen ant is no longer distracted by gold.
The queen ant is severely wounded.
You slash the soldier ant! The soldier ant stings you!
* * * LOW HITPOINT WARNING * * *
You block the queen ant's attack.
You hit the queen ant but do no damage.
The queen ant is severely wounded.
You slash the soldier ant! The soldier ant stings you!
* * * LOW HITPOINT WARNING * * *
You are lethally poisoned!
The soldier ant poisons you! The queen ant barely misses you.
You feel better. The soldier ant stings you!
You die...
Your body crumbles into a pile of gold.

#............ ####
###............ ##P..##
. #...<........
#......##. ##...........
.........###............
..........##............
........................
.......$$.....#.........
#......@a.....##.......#
......a##...$...#.(....#
#..##....$.P...####...##
. ..........#...#...#.##
..........###...###.#.
.........?..# ##...##..
............. ###.....
.............# #......
...........# ####...


You could see a queen ant and a soldier ant.

Vanquished Creatures
  Harold (D:7)
  Erica (Lair:1)
  2 black mambas (Lair:3)
  2 spiny frogs
  3 komodo dragons
  2 merfolk (Lair:2)
  2 hippogriffs (Lair:2)
  16 blink frogs
  6 yaks (D:9)
  2 hungry ghosts
  9 soldier ants (Lair:3)
  5 water moccasins
  Duvessa (D:7)
  2 porcupines
  3 orc warriors
  3 sky beasts (D:9)
  6 ice beasts
  4 ogres
  11 wolves (Lair:3)
  2 centaurs
  7 crocodiles
  9 bullfrogs
  A big kobold (D:7)
  Dowan (D:7)
  5 scorpions
  4 wights (D:9)
  3 crimson imps
  A quasit (D:7)
  4 hounds
  A centaur zombie (D:7)
  A gnoll shaman (D:7)
  2 bullfrog skeletons
  A centaur skeleton (D:7)
  A jelly (D:4)
  2 iguanas
  5 orc wizards
  14 worker ants
  2 hound zombies
  A worker ant zombie (D:9)
  10 gnolls
  12 adders
  3 shadow imps
  An ooze (D:5)
  An adder zombie (D:5)
  2 adder skeletons
  3 worms
  5 dart slugs
  4 leopard geckos
  13 orcs
  3 bats
  7 giant cockroaches
  4 goblins
  8 hobgoblins
  8 jackals
  9 kobolds
  3 quokkas
  A ball python zombie (D:3)
  2 frilled lizards
  2 jackal skeletons
  3 quokka skeletons
  A quokka zombie (D:5)
  5 rats
  2 plants
260 creatures vanquished.

Vanquished Creatures (collateral kills)
  Edmund (D:5)
1 creature vanquished.

Vanquished Creatures (others)
  4 fungi
  6 plants (Lair:1)
10 creatures vanquished.

Grand Total: 271 creatures vanquished

Notes
Turn   | Place    | Note
-------+----------+-------------------------------------------
     0 | D:1      | Flugkiller the Octopode Wanderer began the quest for the Orb.
     0 | D:1      | Flugkiller set off with: a +2 hand axe, a potion of curing, a +0 buckler, a ration
     0 | D:1      | Reached XP level 1. HP: 14/14 MP: 2/2
   209 | D:1      | Reached XP level 2. HP: 16/19 MP: 3/3
   379 | D:1      | Reached skill level 1 in Dodging
   752 | D:1      | Reached XP level 3. HP: 25/25 MP: 4/4
  1163 | D:2      | Reached XP level 4. HP: 22/30 MP: 3/5
  1847 | D:2      | You fall through a shaft for 2 floors!
  1847 | D:4      | Found Niro Yss's Antique Weapon Emporium.
  1847 | D:4      | Noticed an ogre
  1898 | D:4      | Found a runed door.
  1899 | D:4      | Noticed Shinnjin's ghost (amateur HOFi)
  2097 | D:3      | Found a stormy altar of Qazlal.
  2100 | D:3      | Found a blossoming altar of Fedhas.
  2102 | D:3      | Found a shimmering altar of Xom.
  2307 | D:3      | Found a sacrificial altar of Ru.
  2405 | D:3      | Found a stormy altar of Qazlal.
  2408 | D:3      | Found a burning altar of Makhleb.
  2408 | D:3      | Found a sparkling altar of Nemelex Xobeh.
  2410 | D:3      | Found a shimmering altar of Xom.
  2410 | D:3      | Found a white marble altar of Elyvilon.
  2410 | D:3      | Found a radiant altar of Vehumet.
  2433 | D:3      | Became a worshipper of Xom of Chaos
  2463 | D:4      | Reached XP level 5. HP: 33/36 MP: 6/6
  2477 | D:3      | Reached skill level 4 in Axes
  2602 | D:4      | Found a runed door.
  2616 | D:4      | XOM: silly message
  2629 | D:4      | XOM: potion effect (berserk rage)
  2645 | D:4      | Killed an ogre
  2645 | D:4      | Reached XP level 6. HP: 31/42 MP: 5/7
  2999 | D:4      | XOM: silly message
  3110 | D:4      | Found a staircase to the Ecumenical Temple.
  3112 | D:4      | Found a faded altar of an unknown god.
  3311 | Temple   | Entered the Ecumenical Temple
  3347 | Temple   | Fell from the grace of Xom
  3347 | Temple   | Became a worshipper of Gozag Ym Sagoz the Greedy
  3579 | D:5      | Entered Level 5 of the Dungeon
  3605 | D:5      | Reached XP level 7. HP: 46/47 MP: 8/8
  3608 | D:5      | Noticed wont's ghost (novice MiBe)
  3610 | D:5      | Found a runed door.
  3712 | D:5      | XOM: draining
  3942 | D:5      | XOM: summons 3 hostile shadow creatures
  3977 | D:5      | Noticed Edmund
  3988 | D:5      | Killed Edmund
  3988 | D:5      | Reached skill level 5 in Axes
  4186 | D:5      | XOM: medium Fire miscast
  4335 | D:5      | XOM: medium Tmut miscast
  4411 | D:5      | XOM: stat loss: -3 Dex (11/14)
  4470 | D:5      | Reached skill level 5 in Fighting
  4470 | D:5      | Reached XP level 8. HP: 33/55 MP: 7/9
  5114 | D:6      | XOM: summons 2 hostile shadow creatures
  5378 | D:6      | Reached skill level 6 in Axes
  5484 | D:6      | HP: 2/56 [ice beast (10)]
  5497 | D:6      | Reached skill level 5 in Dodging
  6142 | D:7      | Found a sacrificial altar of Ru.
  6531 | D:7      | XOM: medium Tloc miscast
  6735 | D:7      | XOM: summons 1 hostile demon
  7043 | D:7      | Reached XP level 9. HP: 33/63 MP: 5/10
  7343 | D:7      | Reached skill level 7 in Axes
  7355 | D:7      | Found a sparkling altar of Nemelex Xobeh.
  7612 | D:7      | Noticed Harold
  7806 | D:6      | XOM: noise
  8142 | D:7      | Killed Harold
  8430 | D:6      | XOM: give mutations
  8430 | D:6      | Gained mutation: You occasionally shout uncontrollably at your foes. [Xom's mischief]
  8430 | D:6      | Gained mutation: You expend magic power (3 MP) to strengthen your wands. [Xom's mischief]
  8430 | D:6      | Gained mutation: You are partially covered in icy blue scales. (AC +2) [Xom's mischief]
  8430 | D:6      | Gained mutation: You are dopey. (Int -2) [Xom's mischief]
  8567 | D:7      | XOM: medium Hex miscast
  8589 | D:7      | Reached skill level 8 in Axes
  8801 | D:5      | XOM: medium Fire miscast
  8844 | D:4      | Bought a broad axe for 80 gold pieces
  8955 | D:7      | Reached skill level 1 in Evocations
  8997 | D:7      | Noticed Duvessa
  9000 | D:7      | Noticed Dowan
  9009 | D:7      | Killed Dowan
  9010 | D:7      | Killed Duvessa
  9022 | D:7      | Reached XP level 10. HP: 37/72 MP: 5/11
  9128 | D:7      | XOM: scenery: create altars
  9239 | D:7      | Found a bloodstained altar of Trog.
  9239 | D:7      | Found an iron altar of Okawaru.
  9381 | D:8      | XOM: medium Necr miscast
  9585 | D:8      | XOM: give mutations
  9585 | D:8      | Gained mutation: You do not regenerate when monsters are visible. [Xom's mischief]
  9585 | D:8      | Lost mutation: You are partially covered in icy blue scales. (AC +2) [Xom's mischief]
  9709 | D:8      | XOM: give mutation
  9709 | D:8      | Gained mutation: You are agile. (Dex +2) [Xom's mischief]
  9742 | D:8      | Found a runed door.
  9747 | D:8      | Noticed shruggingcutely's ghost (novice TeCj)
  9861 | D:8      | Found an ornate altar of the Wu Jian Council.
  9866 | D:8      | Found a hazy altar of Hepliaklqana.
  9869 | D:8      | Found a white marble altar of Elyvilon.
  9872 | D:8      | Found a deep blue altar of Sif Muna.
 10109 | D:9      | XOM: give mutations
 10109 | D:9      | Gained mutation: Scrolls take you a little longer to read. [Xom's mischief]
 10109 | D:9      | Lost mutation: You are agile. (Dex +2) [Xom's mischief]
 10109 | D:9      | Gained mutation: Scrolls take you longer to read. [Xom's mischief]
 10109 | D:9      | Gained mutation: You are very dopey. (Int -4) [Xom's mischief]
 10134 | D:8      | XOM: give mutations
 10134 | D:8      | Lost mutation: Scrolls take you longer to read. [Xom's mischief]
 10134 | D:8      | Gained mutation: You are weak. (Str -2) [Xom's mischief]
 10134 | D:8      | Lost mutation: You expend magic power (3 MP) to strengthen your wands. [Xom's mischief]
 10134 | D:8      | Gained mutation: Your spells are a little easier to cast, but a little less powerful. [Xom's mischief]
 10340 | D:9      | Found an ancient bone altar of Kikubaaqudgha.
 10354 | D:9      | Found a basalt altar of Yredelemnul.
 10452 | D:9      | Found a staircase to the Lair.
 10727 | D:9      | XOM: repel stairs
 10732 | D:9      | Reached skill level 9 in Axes
 10923 | D:9      | XOM: god gift: 720 gold pieces
 11604 | D:9      | Bought the ring "Xeac" {rElec rPois Int+2 Dex-5 SInv} for 349 gold pieces
 11604 | D:9      | Bought a +3 ring of evasion for 273 gold pieces
 11703 | D:9      | XOM: torment (43/73 hp)
 11867 | Lair:1   | Entered Level 1 of the Lair of Beasts
 11867 | Lair:1   | Noticed a spiny frog
 11910 | D:8      | XOM: severe Tmut miscast
 12107 | Lair:1   | Killed a spiny frog
 12129 | Lair:1   | Reached skill level 5 in Evocations
 12144 | Lair:1   | Reached XP level 11. HP: 24/80 MP: 7/14
 12151 | Lair:1   | HP: 1/80 [crocodile (14)]
 12404 | Lair:1   | Noticed Erica
 12413 | Lair:1   | XOM: summons 8 hostile demons
 12429 | Lair:1   | XOM: confusion
 12429 | Lair:1   | Was forgiven by Xom
 12435 | Lair:1   | HP: 2/120 [chaos spawn[Xom] (11)]
 12448 | Lair:1   | HP: 5/120 [poisoned by an orange demon]
 12449 | Lair:1   | HP: 2/120 [orange demon[Xom] (1)]
 13199 | Lair:1   | Learned a level 2 spell: Blink
 13368 | Lair:1   | Killed Erica
 13368 | Lair:1   | Reached skill level 1 in Translocations
 14165 | Lair:2   | Found a staircase to the Shoals.
 14643 | Lair:2   | Reached skill level 10 in Axes
 15567 | Lair:2   | Found a hole to the Spider Nest.
 15567 | Lair:2   | Noticed an orb spider
 15570 | Lair:2   | an orb spider changed into a hippogriff
 15886 | Lair:2   | Reached skill level 11 in Axes
 17199 | Lair:3   | Reached XP level 12. HP: 16/87 MP: 4/16
 18201 | Lair:3   | Reached skill level 10 in Fighting
 18227 | Lair:3   | HP: 2/87 [soldier ant (5)]
 18656 | Lair:3   | Noticed a queen ant
 18682 | Lair:3   | HP: 1/87 [soldier ant (6)]
 18683 | Lair:3   | Slain by a soldier ant

Vault maps used:
D:1:      lemuel_arrival_rhombus, minmay_pentomino_v2
D:3:      grunt_temple_overflow_open, nicolae_ru_path_of_blood, serial_undead,
          serial_undead_f, serial_undead_c, serial_undead_c, serial_undead_f,
          doesnt_xom_only_xom
D:4:      nicolae_temple_entry_ecumenical, ebering_ghost_sewer_f, serial_shops,
          shop
D:5:      hellmonk_ghost_happy_afterlife, first_ration, minmay_misc_feat_alley,
          uniq_edmund
D:7:      grunt_temple_overflow_bloody_war, nemelex_xobeh_ov_fountains_minmay,
          basic_altar, uniq_duvessa, uniq_harold
D:8:      grunt_temple_overflow_cloverleaf, ebering_ghost_inner_flame
D:9:      yredelemnul_altar_generic, kennysheep_mini, lair_entry_dummy
Temple:   kb_temple_of_zot
Lair:1:   serial_bayou_lagoon_a, st_stairs_8, uniq_erica
Lair:2:   elwin_shoals_entry_rooms, nicolae_spider_entry_orb_guardian,
          nicolae_quartered_pool_medium
Lair:3:   minivault_29, lemuel_fruit_fields

Skill      XL: |  1  2  3  4  5  6  7  8  9 10 11 12 |
---------------+-------------------------------------+-----
Dodging        | 1 2 3 4 6 7 8 9 |  9.9
Fighting       | 3 5 6 7 9 10 | 10.1
Shields        | 3 4 |  4.0
Axes           | 4 5 6 8 9 11 | 11.7
Evocations     | 2 5 6 |  6.0
Translocations | 2 |  2.0
Spellcasting   | 3 |  3.0
Ice Magic      | |  2.0

Action                   |  1- 3 |  4- 6 |  7- 9 | 10-12 || total
-------------------------+-------+-------+-------+-------++-------
Melee: Hand axe          |    63 |   100 |   274 |       ||   437
       Constrict         |    19 |    25 |    58 |    66 ||   168
       Tentacles         |    14 |    19 |    83 |    99 ||   215
       Unarmed           |       |     8 |     4 |       ||    12
       Broad axe         |       |       |    24 |   506 ||   530
 Fire: Blowgun           |       |       |    13 |       ||    13
Invok: Call Merchant     |       |       |       |     2 ||     2
       Potion Petition   |       |       |       |     2 ||     2
Evoke: Wand              |       |     7 |    22 |    46 ||    75
  Use: Scroll            |       |    11 |     1 |     5 ||    17
       Potion            |       |       |     2 |    10 ||    12
 Stab: Sleeping          |     5 |     7 |     8 |     9 ||    29
       Confused          |       |     1 |     1 |       ||     2
       Distracted        |       |     1 |     3 |     1 ||     5
       Paralysed         |       |       |     5 |     6 ||    11
  Eat: Chunk             |     1 |     4 |       |       ||     5
       Ration            |       |     1 |     6 |    10 ||    17
Armor: Skin              |     3 |     1 |    11 |    96 ||   111
Dodge: Dodged            |    27 |    59 |   167 |   444 ||   697
Block: Buckler           |    11 |    22 |    49 |   120 ||   202

Table legend:
 A = Spawn XP
 B = Non-spawn XP
 C = Spawn XP percentage of total XP
 D = Spawn monster count
 E = Non-spawn monster count
 F = Spawn count percentage of total count
 G = Total turns spent on level
                    A         B        C        D         E        F      G
               +---------+---------+-------+---------+---------+-------+---------
         Total |       0 |   22251 |   0.0 |       0 |     259 |   0.0 | 18683
               +---------+---------+-------+---------+---------+-------+---------
           D:1 |       0 |      40 |   0.0 |       0 |      19 |   0.0 |   799
           D:2 |       0 |      74 |   0.0 |       0 |      22 |   0.0 |  1048
           D:3 |       0 |      84 |   0.0 |       0 |      13 |   0.0 |   653
           D:4 |       0 |     354 |   0.0 |       0 |      18 |   0.0 |  1089
           D:5 |       0 |     938 |   0.0 |       0 |      20 |   0.0 |  1567
           D:6 |       0 |     505 |   0.0 |       0 |      14 |   0.0 |  2237
           D:7 |       0 |    2862 |   0.0 |       0 |      45 |   0.0 |  1855
           D:8 |       0 |    1044 |   0.0 |       0 |      17 |   0.0 |  1041
           D:9 |       0 |    2138 |   0.0 |       0 |      18 |   0.0 |  2048
        Lair:1 |       0 |    4440 |   0.0 |       0 |      16 |   0.0 |  1840
        Lair:2 |       0 |    3852 |   0.0 |       0 |      19 |   0.0 |  2748
        Lair:3 |       0 |    5920 |   0.0 |       0 |      38 |   0.0 |  1693
               +---------+---------+-------+---------+---------+-------+---------
